Unix NetHack Version 3.7.0-65 Work-in-progress - last build Sep 26 2022 05:48:34 (a9070be95fe145525c880ceec589f5104d392f49,branch:master). Game began 2022-09-26 06:37:50, ended 2022-09-26 06:43:45. y4k4r1, chaotic female orcish Barbarian ------------- |...........| -------- 0|.... .....| |......| #|...-----...| |......| #|...|...|...| |^....o| #|...|...|...| #####.......| #|...|...|...-###### -------- #|...-|---...| ###............| # ## #|.......<...| ---|-------## #------------- +.....>.@x.x ###### #### |.........| ### |..........############### ----------- Y4k4r1 the Plunderess St:18/03 Dx:17 Co:17 In:7 Wi:6 Ch:6 Chaotic S:204 Dlvl:2 $:18 HP:0(10) Pw:0(0) AC:7 Xp:1/0 T:1189 Latest messages: It misses the kitten. The kitten bites the coyote. The coyote is killed! You kill the gecko! You swap places with your kitten. You stop. Your kitten is in the way! You swap places with your kitten. You find a hidden door. You kill the gas spore! Boom! The kitten is caught in the gas spore's explosion! You kill the poor kitten! You hear the rumble of distant thunder... You are caught in the gas spore's explosion! Are you sure you want to pray? [yn] (n) You begin praying to Set. You finish your prayer. You feel that Set is displeased. Are you sure you want to pray? [yn] (n) You begin praying to Set. You finish your prayer. The voice of Set booms out: "Thou art arrogant, mortal." "Thou must relearn thy lessons!" You feel foolish! Goodbye level 2. Are you sure you want to pray? [yn] (n) You begin praying to Set. The grid bug bites! You get zapped! You die... But wait... Your medallion begins to glow! You feel much better! The medallion crumbles to dust! You survived that attempt on your life. The voice of Set booms out: "Thou art arrogant, mortal." "Thou must relearn thy lessons!" You feel foolish! Are you sure you want to pray? [yn] (n) You begin praying to Set. The grid bug bites! You hear someone counting gold coins. The grid bug bites! You get zapped! You die... Do you want your possessions identified? [ynq] (y) Do you want to see your attributes? [ynq] (y) Do you want an account of creatures vanquished? [ynaq] (y) Inventory: Coins $ - 18 gold pieces Weapons a - a +0 battle-axe (weapon in hands) b - a +0 orcish short sword (alternate weapon; not wielded) Armor g - an uncursed +0 orcish helm (being worn) c - an uncursed +0 orcish ring mail (being worn) Comestibles e - 2 uncursed carrots f - an uncursed pancake Scrolls m - an uncursed scroll of taming Spellbooks n - an uncursed spellbook of magic missile Potions h - a blessed potion of confusion o - a cursed potion of restore ability Tools l - an uncursed mirror j - an uncursed towel Gems/Stones i - a cursed worthless piece of orange glass Y4k4r1 the Barbarian's attributes: Background: You were a Plunderess, a level 1 female orcish Barbarian. You were chaotic, on a mission for Set who was opposed by Mitra (lawful) and Crom (neutral). You were in the Dungeons of Doom, on level 2. You entered the dungeon 1189 turns ago. There was a new moon in effect when your adventure ended. You had 0 experience points, 20 were needed to attain level 2. Your score was 204 before end-of-game adjustments. Basics: You had 0 out of 10 hit points. You had no energy points (spell power). Your armor class was 7. Your wallet contained 18 zorkmids. Autopickup was on for '$?!/="+' plus thrown, with exceptions. Final Characteristics: Your strength was 18/03 (limit:18/50). Your dexterity was 17 (limit:18). Your constitution was 17 (peak:18, limit:18). Your intelligence was 7 (limit:16). Your wisdom was 6 (peak:8, limit:16). Your charisma was 6 (limit:16). Final Status: You were not hungry. You were unencumbered. You were wielding an axe. You had basic skill with axe. Final Attributes: You were stridently aligned. You were poison resistant. You had infravision. You were warded. You were very unlucky. Set was angry with you. You are dead (2nd time!). Miscellaneous: You never encountered a bones level. Total elapsed playing time was 5 minutes and 53 seconds. Major events: Turn 1: y4k4r1 the chaotic female orcish Barbarian entered the dungeon 1187: averted death (killed by a grid bug) 1189: killed by a grid bug, while praying Vanquished creatures: a kitten a coyote a gas spore a gecko 2 jackals 2 goblins a sewer rat 8 grid bugs 2 lichens 19 creatures vanquished. No species were genocided or became extinct. Voluntary challenges: You were illiterate. You never engraved Elbereth. You never genocided any monsters. You never polymorphed an object. You never changed form. You used no wishes. The Dungeons of Doom: levels 1 to 2 Level 1: Level 2: <- You were here. Final resting place for you, killed by a grid bug, while praying. Game over: ---------- / \ / REST \ / IN \ / PEACE \ / \ | y4k4r1 | | 18 Au | | killed by a grid | | bug | | | | | | 2022 | *| * * * | * _________)/\\_//(\/(/\)/\//\/|_)_______ Goodbye y4k4r1 the Barbarian... You died in The Dungeons of Doom on dungeon level 2 with 203 points, and 18 pieces of gold, after 1189 moves. You were level 1 with a maximum of 10 hit points when you died.